 Dungeon Crawl Stone Soup version 0.18-a0-943-g2c08dd4 (webtiles) character file.

1428 Duffy the Fighter (level 8, -11/75 HPs)
             Began as a Red Draconian Earth Elementalist on Dec 28, 2015.
             Was an Initiate of Cheibriados.
             Mangled by a gnoll
             ... wielding a +0 flail
              (13 damage)
             ... on level 5 of the Dungeon.
             The game lasted 00:11:21 (8085 turns).

Duffy the Fighter (DrEE)                            Turns: 8085, Time: 00:11:21

Health: -11/75     AC:  7    Str: 13    XL:     8   Next: 44%
Magic:  14/14      EV: 15    Int: 17    God:    Cheibriados [......]
Gold:   266        SH:  0    Dex: 15    Spells: 2 memorised, 11 levels left

rFire  + . .     SeeInvis +     G - +11 quarterstaff of Mandamus {crush, Str+2 SInv}
rCold  + . .     Gourm    .     (armour unavailable)
rNeg   . . .     Faith    .     (shield currently unavailable)
rPois  .         Spirit   .     (helmet restricted)
rElec  .         Dismiss  .     f - +0 cloak
rCorr  .         Reflect  .     (no gloves)
SustAt .         Harm     .     (no boots)
MR     .....                    (no amulet)
Stlth  ++........               x - +3 ring of evasion
                                u - ring of protection from cold

@: very slow, not resistant to hostile enchantments, unstealthy
A: breathe fire, unfitting armour, fire resistance 1, cold-blooded, AC +6
a: Breathe Fire, Bend Time, Renounce Religion


You were on level 5 of the Dungeon.
You worshipped Cheibriados.
Cheibriados was noncommittal.
You were not hungry.

You visited 2 branches of the dungeon, and saw 7 of its levels.

You collected 266 gold pieces.


Innate Abilities, Weirdness & Mutations

You can breathe blasts of fire.
Your fiery red scales are hard (AC +6).
Your body does not fit into most forms of armour.
Your flesh is heat resistant.
You are cold-blooded and may be slowed by cold attacks.


   Skills:
 - Level 8.4 Fighting
 + Level 3.6 Staves
 - Level 2.0 Dodging
 - Level 2.0 Stealth
 - Level 4.0 Spellcasting
 - Level 1.0 Transmutations
 - Level 5.0 Earth Magic


You had 11 spell levels left.
You knew the following spells:

 Your Spells              Type           Power        Failure   Level  Hunger
a - Sandblast             Erth           ###...       1%          1    None
P - Passwall              Trmt/Erth      ##........   14%         3    ###....

Inventory:

Hand Weapons
 G - the +11 quarterstaff of Mandamus (weapon) {crush, Str+2 SInv}

   It inflicts extra damage upon your enemies.
   It affects your strength (+2).
   It lets you see invisible.
Missiles
 a - 82 stones (quivered)
 g - 28 poisoned needles
Armour
 f - a +0 cloak (worn)
 m - a +0 shield
Jewellery
 u - a ring of protection from cold (left hand)
 v - a -3 ring of evasion
 x - a +3 ring of evasion (right hand)
Wands
 y - a wand of disintegration (13/24)
 z - a wand of flame (27/48)
 E - a wand of teleportation (8/9)
 H - a wand of polymorph (14/24)
Scrolls
 i - 2 scrolls of remove curse
 j - 2 scrolls of fear {unknown}
 k - 2 scrolls of recharging
 p - 2 scrolls of enchant armour {unknown}
 s - 2 scrolls of teleportation {unknown}
 w - a scroll of fog {unknown}
 F - a scroll of blinking {unknown}
 I - a scroll of random uselessness {unknown}
Potions
 d - a potion of degeneration {unknown}
 e - 2 potions of might
 h - 3 potions of curing
 l - a potion of cancellation {unknown}
 o - 2 potions of brilliance {unknown}
 q - a potion of lignification {unknown}
 t - a potion of cure mutation {unknown}
 A - a potion of berserk rage {unknown}
 B - 4 potions of heal wounds
 D - 2 potions of flight
Books
 b - a book of Geomancy
Comestibles
 c - 2 bread rations
 n - a beef jerky
 r - a royal jelly
 C - 3 chunks of flesh

Dungeon Overview and Level Annotations

Branches:
Dungeon (6/15)             Temple (1/1) D:5

Altars:
Ashenzari
Cheibriados
Dithmenos
Elyvilon
Fedhas
Gozag
Kikubaaqudgha
Makhleb
Okawaru
Qazlal
Trog
Vehumet
Xom
Yredelemnul
The Shining One

Annotations:
D:6 PinkishYellow's ghost, novice OgBe


Message History

The quokka twitches its whiskers.
The quokka bites you but does no damage.
You sock the quokka!
You kill the quokka!
Cheibriados thoroughly appreciates the change of pace.
You hit the worker ant.
The worker ant is heavily wounded.
The worker ant bites you. The worker ant closely misses you.
You sock the worker ant!
You kill the worker ant!
Cheibriados thoroughly appreciates the change of pace.
No target in view!
No target in view!
You see here a quokka corpse.
You butcher the quokka corpse.
C - 3 chunks of flesh (gained 1) HP restored.
You see here a club.
Things that are here:
a whip; a robe; a gnoll corpse
There is a stone staircase leading down, spattered with blood here.
You climb downwards.
Level annotation: PinkishYellow's ghost, novice OgBe PinkishYellow's ghost hits you!!
The gnoll misses you. The gnoll hits you. The gnoll misses you.
PinkishYellow's ghost hits you!
There is a stone staircase leading up, spattered with blood here.
The gnoll hits you with a flail. The gnoll barely misses you.
The gnoll hits you with a spear. PinkishYellow's ghost hits you!
You climb upwards.
There is a stone staircase leading down, spattered with blood here.
You completely miss the gnoll. The gnoll misses you.
The gnoll closely misses you. The gnoll hits you with a spear.
You completely miss the gnoll. The gnoll barely misses you.
The gnoll barely misses you. The gnoll hits you with a flail!
You die...

##### ####### #...###
######@g...# #.....#
#....#gg...#
#...#.###....#.....#
#............#.....#
#####.###..........# # #.#
#..........# # #.#
#....#.....### ####
#######)###....#.......#
##...
.....##........#.......####
#..##


You could see 3 gnolls.

Action                   |  1- 3 |  4- 6 |  7- 9 || total
-------------------------+-------+-------+-------++-------
Melee: Quarterstaff      |       |       |    31 ||    31
 Cast: Sandblast         |    87 |   120 |   135 ||   342
Evoke: Wand              |       |     1 |       ||     1
  Use: Scroll            |       |       |     8 ||     8
  Eat: Chunk             |     5 |     9 |     9 ||    23

Notes
Turn   | Place    | Note
--------------------------------------------------------------
     0 | D:1      | Duffy the Draconian Earth Elementalist began the quest for the Orb.
     0 | D:1      | Reached XP level 1. HP: 14/14 MP: 3/3
   327 | D:1      | Reached skill level 2 in Dodging
   391 | D:1      | Reached skill level 2 in Stealth
   486 | D:1      | Reached XP level 2. HP: 18/20 MP: 0/5
  1044 | D:1      | Reached XP level 3. HP: 24/26 MP: 0/6
  1390 | D:1      | You fall through a shaft!
  1773 | D:1      | Learned a level 3 spell: Passwall
  1840 | D:2      | Found a shadowy altar of Dithmenos.
  2126 | D:2      | Reached skill level 3 in Spellcasting
  2126 | D:2      | Reached skill level 4 in Earth Magic
  2126 | D:2      | Reached XP level 4. HP: 30/33 MP: 3/8
  3349 | D:3      | Reached XP level 5. HP: 33/38 MP: 5/10
  3434 | D:3      | Noticed Grinder
  3467 | D:3      | Paralysed by something for 7 turns
  3750 | D:3      | Paralysed by Grinder for 2 turns
  3984 | D:3      | Killed Grinder
  3984 | D:3      | Reached skill level 4 in Fighting
  3984 | D:3      | Reached XP level 6. HP: 31/52 MP: 7/11
  4322 | D:3      | Found a white marble altar of Elyvilon.
  4855 | D:4      | Reached skill level 4 in Spellcasting
  4855 | D:4      | Reached skill level 5 in Earth Magic
  5107 | D:4      | Reached skill level 5 in Fighting
  5107 | D:4      | Gained mutation: Your flesh is heat resistant. [Red Draconian growth]
  5107 | D:4      | Reached XP level 7. HP: 53/61 MP: 6/13
  5385 | D:4      | Noticed a moth of wrath
  5388 | D:4      | Found a bloodstained altar of Trog.
  5694 | D:4      | Reached skill level 6 in Fighting
  5742 | D:4      | Reached skill level 7 in Fighting
  6061 | D:5      | Entered Level 5 of the Dungeon
  6882 | D:4      | Reached XP level 8. HP: 66/74 MP: 10/14
  6929 | D:5      | Reached skill level 8 in Fighting
  7080 | D:5      | Got a brightly glowing quarterstaff
  7081 | D:5      | Identified the +11 quarterstaff of Mandamus {crush, Str+2 SInv} (You found it on level 5 of the Dungeon)
  7272 | D:5      | Found a staircase to the Ecumenical Temple.
  7278 | Temple   | Entered the Ecumenical Temple
  7489 | Temple   | Became a worshipper of Cheibriados the Contemplative
  7618 | D:5      | Reached skill level 2 in Staves
  7787 | D:6      | Noticed PinkishYellow's ghost (novice OgBe)
  7894 | D:5      | Reached skill level 3 in Staves
  8085 | D:5      | Mangled by a gnoll

Vault maps used:
D:1:      nagdon_arrival_zigzag_paths
D:2:      lemuel_round_altar
D:3:      elyvilon_altar_4, first_bread, minmay_cut_off, uniq_grinder
D:4:      tgw_trog
D:5:      minmay_temple_entry_enclosed_plants
D:6:      nemelex_deck, nicolae_overflow_crystal_walls, kennysheep_dice,
          uniq_prince_ribbit1
Temple:   oiseaux_autumnal_temple_12

Vanquished Creatures
  Grinder
  A phantom
  A sky beast
  An ogre
  A centaur
  A scorpion
  2 crimson imps
  2 centaur zombies
  2 gnoll shamans
  2 hounds
  A jelly
  3 iguanas
  6 worker ants
  A killer bee zombie
  3 hound skeletons
  A worker ant zombie
  10 adders
  6 gnolls
  A shadow imp
  2 oozes
  3 worms
  4 giant geckos
  5 orcs
  6 giant cockroaches
  13 hobgoblins
  8 jackals
  8 kobolds
  4 quokkas
  2 ball pythons
  5 bats
  6 giant newts
  15 goblins
  16 rats
143 creatures vanquished.
